Map: Ulzaan

Players

MonstroTown

  • Race: Terran Terran
  • Spawn Location: 1:00

Michael

  • Race: Zerg Zerg
  • League: Platinum
  • Spawn Location: 3:00

Bob - Winner!

  • Race: Zerg Zerg
  • League: Platinum
  • Spawn Location: 9:00

Alsace - Winner!

  • Race: Protoss Protoss
  • League: Gold
  • Spawn Location: 11:00

VOD

Have the link to the VOD?

Description

Time

  • Played on: Oct. 9, 2018, 6:58 p.m.
  • Length: 10:17
Show
View Real Time Build Order
Export as new Build Order

MonstroTown Terran 

Build Orders: Reaper Expand 

Get SALT Encoding   

  12  0:01  SCV  
  13  0:13  SCV  
  14  0:21  Supply Depot  
  14  0:25  SCV  
  15  0:42  SCV  
  16  0:44  Barracks  
  16  0:50  Refinery  
  16  0:54  SCV  
  17  1:06  SCV  
  18  1:18  SCV  
  19  1:30  Command Center  
  19  1:40  Orbital Command  
  19  1:46  Reaper  
  20  1:55  Refinery  
  20  2:00  Supply Depot  
  20  2:07  SCV  
  21  2:18  Factory  
  21  2:22  SCV  
  22  2:33  Barracks Reactor  
  22  2:36  SCV  
  23  2:43  Orbital Command  
  22  2:59  SCV  
  22  3:04  Factory Reactor  
  23  3:10  Starport  
  23  3:20  Barracks Tech Lab  
  23  3:21  Hellion  
  23  3:22  Hellion  
  23  3:24  SCV x2  
  29  3:38  SCV x2  
  31  3:43  Hellion x2  
  35  3:50  SCV  
  35  3:52  Medivac  
  35  3:54  Marauder  
  35  3:55  SCV  
  41  4:00  Stimpack  
  41  4:02  SCV  
  42  4:07  SCV  
  43  4:19  Factory Tech Lab  
  43  4:25  SCV x2, Supply Depot  
  45  4:37  SCV  
  46  4:39  Command Center  
  46  4:47  SCV  
  46  4:48  Supply Depot  
  46  4:49  SCV  
  48  4:56  Siege Tank  
  48  4:58  Starport Reactor  
  51  5:02  Starport  
  51  5:10  Engineering Bay, SCV x2  
  53  5:18  Barracks  
  53  5:22  SCV  
  54  5:29  SCV  
  54  5:30  Marine  
  54  5:34  SCV  
  55  5:56  SCV x3  
  58  6:00  Missile Turret  
  58  6:03  Missile Turret  
  58  6:07  Marine  
  58  6:08  Marine x2  
  51  6:25  Marine x2  
  51  6:26  Marauder  
  51  6:32  Siege Tank  
  58  6:43  Marine  
  58  6:47  Liberator  
  58  6:48  Liberator x2, Marauder  
  50  6:56  Marine  
  50  7:01  Marine  
  53  7:08  Marine  
  53  7:14  Marine  
  55  7:19  Marine  
  56  7:26  Marine  
  57  7:32  Marine  
  57  7:39  Barracks  
  51  7:49  Command Center  
  51  7:52  Command Center  
  51  7:53  Command Center  
  49  8:04  Marine x2  
  49  8:05  Marauder  
  53  8:18  SCV  
  54  8:22  Marine  
  54  8:26  Marauder  
  54  8:42  Marine  
  54  8:43  Marine  
  54  8:44  Siege Tank, Medivac  
  54  8:47  Marine  
  62  9:05  Marauder  
  50  9:30  Marine x3  
Show
View Real Time Build Order
Export as new Build Order

Michael Zerg 

Build Orders: Hatch First 

Get SALT Encoding   

  12  0:01  Drone  
  13  0:12  Overlord  
  13  0:19  Drone  
  14  0:31  Drone x2  
  14  0:34  Drone  
  17  0:45  Drone  
  18  1:00  Drone  
  18  1:01  Hatchery  
  18  1:07  Drone  
  18  1:08  Extractor  
  18  1:19  Spawning Pool  
  18  1:22  Drone  
  18  1:28  Drone  
  19  1:39  Drone  
  20  1:49  Overlord  
  20  2:05  Queen  
  22  2:13  Queen  
  22  2:15  Zergling x4  
  27  2:22  Drone  
  27  2:23  Drone  
  27  2:24  Drone  
  29  2:32  Overlord  
  30  2:37  Drone  
  30  2:43  Drone  
  31  2:51  Queen  
  33  2:53  Drone  
  33  2:55  Drone  
  33  2:58  Extractor  
  34  3:02  Evolution Chamber  
  33  3:10  Drone  
  33  3:11  Drone x2  
  34  3:18  Lair  
  34  3:20  Drone, Spine Crawler  
  34  3:21  Drone x2  
  36  3:30  Roach Warren, Metabolic Boost  
  35  3:40  Drone  
  36  3:42  Overlord  
  36  3:43  Overlord  
  36  4:00  Drone x6  
  42  4:12  Zerg Ground Armor Level 1  
  42  4:19  Spire  
  42  4:21  Spore Crawler  
  40  4:26  Drone x2  
  40  4:27  Drone, Spore Crawler  
  40  4:30  Drone  
  43  4:32  Drone  
  43  4:33  Drone  
  45  4:47  Hatchery  
  45  4:49  Pneumatized Carapace  
  44  4:55  Drone  
  44  4:56  Drone x2  
  44  4:59  Extractor  
  46  5:00  Extractor  
  46  5:03  Spore Crawler  
  46  5:04  Spore Crawler  
  43  5:16  Infestation Pit, Drone x2  
  43  5:17  Drone x3  
  43  5:18  Drone  
  43  5:20  Drone  
  49  5:23  Drone  
  49  5:24  Drone  
  51  5:44  Spore Crawler  
  51  5:46  Spore Crawler  
  51  5:48  Drone x3  
  52  5:50  Overlord x2  
  52  5:51  Overlord x2  
  52  5:58  Hive  
  52  6:04  Zerg Flyer Armor Level 1  
  52  6:06  Roach  
  52  6:08  Zergling x2  
  52  6:09  Zergling x2  
  56  6:11  Zergling x2  
  56  6:13  Zergling x2  
  56  6:15  Zergling x2  
  56  6:16  Zergling x2  
  56  6:17  Zergling x2  
  61  6:23  Zergling x6  
  61  6:24  Zergling x2  
  65  6:25  Zergling x2  
  65  6:28  Zergling x4  
  70  6:32  Roach  
  70  6:33  Roach  
  62  7:01  Roach x10  
  77  7:16  Roach x2  
  77  7:18  Roach  
  77  7:21  Drone x2  
  82  7:34  Spire  
  81  7:44  Overlord x3  
  81  7:45  Overlord  
  81  7:51  Drone  
  82  7:53  Drone x3  
  82  7:54  Drone x2  
  82  7:57  Overlord x3  
  82  7:58  Extractor x2  
  77  8:15  Greater Spire  
  77  8:19  Drone  
  79  8:20  Drone x2  
  79  8:21  Corruptor x2, Drone x2  
  79  8:22  Corruptor  
  68  8:27  Corruptor x2  
  72  8:40  Spore Crawler  
  72  8:41  Spore Crawler  
  70  8:42  Drone x4  
  70  8:43  Spine Crawler  
  70  8:46  Spine Crawler  
  72  8:53  Corruptor  
  72  8:54  Corruptor  
  76  8:59  Corruptor  
  75  9:03  Corruptor  
  65  9:15  Corruptor  
  62  9:26  Brood Lord  
  62  9:27  Brood Lord  
  62  9:28  Brood Lord  
  46  9:37  Brood Lord  
Show
View Real Time Build Order
Export as new Build Order

Bob Zerg - Winner!

Build Orders: Hatch First 

Get SALT Encoding   

  12  0:02  Drone  
  13  0:14  Overlord  
  13  0:19  Drone  
  14  0:37  Drone x2  
  14  0:38  Drone  
  17  0:58  Hatchery  
  17  1:01  Drone  
  17  1:04  Extractor  
  17  1:06  Drone  
  17  1:19  Spawning Pool  
  16  1:27  Drone x2  
  18  1:52  Overlord, Drone  
  19  1:54  Drone  
  20  2:07  Zergling x2  
  21  2:11  Queen  
  23  2:17  Zergling x2  
  23  2:19  Queen  
  26  2:25  Metabolic Boost  
  26  2:30  Drone  
  26  2:31  Drone x2  
  29  2:43  Drone  
  30  2:55  Drone x3  
  33  3:01  Zergling x4  
  35  3:09  Zergling x2  
  35  3:13  Overlord  
  35  3:20  Hatchery  
  34  3:29  Drone  
  35  3:47  Extractor, Lair  
  34  3:52  Overlord x2  
  34  4:01  Drone x2  
  36  4:03  Drone x6  
  36  4:05  Drone  
  43  4:25  Roach Warren  
  43  4:27  Drone x4, Evolution Chamber x2  
  44  4:36  Zergling x6  
  47  4:38  Drone  
  47  4:39  Queen  
  50  4:51  Hydralisk Den  
  50  4:52  Drone x2  
  51  4:56  Zerg Missile Weapons Level 1, Zerg Ground Armor Level 1  
  51  5:02  Extractor x2  
  51  5:04  Drone x2  
  51  5:05  Drone  
  52  5:12  Roach x4  
  60  5:28  Hydralisk x2  
  64  5:54  Spore Crawler  
  63  5:59  Spore Crawler  
  63  6:00  Hydralisk  
  63  6:02  Overlord  
  63  6:03  Overlord x2  
  64  6:05  Grooved Spines  
  64  6:18  Drone  
  65  6:21  Overlord x2  
  65  6:29  Hydralisk x3  
  65  6:30  Hydralisk  
  73  6:39  Drone x2, Hatchery  
  74  6:40  Drone  
  74  6:43  Extractor  
  74  6:44  Drone x3  
  74  6:45  Drone x2  
  79  6:58  Drone x2  
  81  7:12  Hydralisk x2  
  85  7:20  Zerg Missile Weapons Level 2  
  85  7:23  Queen  
  87  7:47  Drone x3  
  87  7:48  Hydralisk x6  
  87  7:49  Hydralisk  
  104  7:56  Muscular Augments  
  104  7:57  Zerg Melee Weapons Level 1  
  104  8:14  Hydralisk x3  
  110  8:22  Overlord x3  
  110  8:23  Overlord x2  
  110  8:34  Overlord x4  
  110  8:40  Queen  
  112  9:03  Hydralisk x6  
  124  9:15  Hydralisk x3  
  124  9:16  Hydralisk x3  
  136  9:27  Hydralisk x3  
  142  9:40  Hydralisk x3  
Show
View Real Time Build Order
Export as new Build Order

Alsace Protoss - Winner!

Build Orders: 1 Gate Expand, Zealot Archon 

Get SALT Encoding   

  12  0:01  Probe  
  13  0:13  Probe  
  14  0:18  Pylon  
  14  0:25  Probe  
  15  0:39  Probe  
  16  0:45  Gateway  
  16  0:46  Assimilator  
  16  0:47  Probe  
  16  0:55  Probe  
  18  1:08  Probe  
  19  1:21  Probe  
  20  1:33  Nexus  
  20  1:38  Cybernetics Core  
  20  1:45  Pylon  
  20  1:52  Assimilator  
  20  1:53  Probe  
  21  2:05  Probe, Stalker  
  24  2:15  Warp Gate  
  24  2:18  Probe  
  25  2:25  Twilight Council  
  25  2:34  Probe  
  26  2:47  Probe  
  26  2:50  Forge  
  27  2:52  Probe  
  28  3:04  Robotics Facility  
  28  3:06  Probe x2  
  28  3:11  Protoss Ground Weapons Level 1, Charge  
  30  3:18  Probe x2  
  32  3:28  Gateway  
  32  3:33  Probe  
  33  3:41  Stalker  
  33  3:44  Probe  
  33  3:45  Probe  
  37  3:52  Observer  
  38  3:56  Probe  
  38  4:01  Gateway  
  38  4:02  Gateway  
  39  4:05  Probe  
  40  4:11  Probe  
  40  4:13  Warp Prism  
  43  4:21  Gateway  
  43  4:25  Pylon  
  43  4:30  Pylon  
  43  4:32  Probe x2  
  43  4:37  Gateway  
  45  4:44  Templar Archives  
  45  4:47  Gateway  
  45  4:57  Protoss Ground Armor Level 1  
  45  5:12  Pylon  
  45  5:13  Pylon  
  45  5:22  Zealot  
  45  5:23  Zealot x3  
  48  5:55  Zealot x3  
  48  5:56  Zealot x4  
  62  6:21  Zealot x5  
  62  6:22  Zealot x2  
  76  6:46  Zealot x2  
  68  7:05  High Templar x4  
  76  7:14  Pylon x2  
  72  7:16  Archon x2  
  72  7:17  Pylon  
  72  7:18  High Templar  
  72  7:19  Pylon  
  68  7:24  Zealot, High Templar  
  68  7:28  Archon  
  72  7:42  Zealot x2  
  72  7:43  Zealot  
  78  7:46  Zealot x2  
  68  7:58  Stalker  
  68  7:59  Stalker  
  68  8:03  Stalker x2  
  76  8:11  Assimilator  
  77  8:12  Probe, Assimilator  
  77  8:13  Probe  
  78  8:22  Observer  
  76  8:29  Zealot  
  76  8:30  Zealot x3  
  76  8:31  Zealot x2  
  76  8:32  Zealot  
  90  8:53  Zealot x2  
  90  8:54  Zealot x5  
  90  9:13  Stalker  
  90  9:14  Stalker x2  
  88  9:25  Stalker x2  
  88  9:26  Stalker x2  
  94  9:51  Zealot x2  
  94  9:52  Zealot x5  
Tags
 
Add a new tag
Caveats
  • Supply blocks, unpowered buildings, or Contaminate may cause inaccurate times.
  • Supply counts are checked every 10 seconds.